Map: Zen LE

Players

ZhuGeLiang - Winner!

  • Race: Zerg Zerg
  • League: Master
  • Spawn Location: 1:00

soO

  • Race: Zerg Zerg
  • League: Grandmaster
  • Spawn Location: 7:00

Event: NationWars 2019

VOD

Have the link to the VOD?

Description

Time

  • Played on: Dec. 8, 2019, 2:32 p.m.
  • Length: 9:16
Show
View Real Time Build Order
Export as new Build Order

ZhuGeLiang Zerg - Winner!

Build Orders: Hatch First 

Get SALT Encoding   

  12  0:01  Drone  
  13  0:12  Overlord  
  13  0:16  Drone  
  14  0:31  Drone x2  
  16  0:49  Hatchery  
  15  0:52  Drone  
  15  0:55  Drone  
  17  0:58  Drone  
  18  1:09  Extractor  
  17  1:14  Spawning Pool  
  17  1:17  Drone  
  17  1:20  Drone  
  18  1:28  Drone  
  19  1:39  Drone  
  20  1:49  Drone  
  21  2:00  Queen x2, Overlord  
  25  2:01  Drone  
  26  2:11  Drone  
  26  2:12  Drone  
  28  2:22  Drone  
  29  2:23  Zergling x2  
  30  2:32  Drone  
  30  2:33  Drone  
  30  2:36  Queen x2  
  36  2:44  Overlord x2  
  36  2:53  Roach Warren  
  36  2:56  Drone  
  36  3:02  Drone  
  37  3:05  Drone x2  
  37  3:09  Drone x4  
  37  3:10  Drone x2  
  45  3:18  Drone  
  46  3:20  Drone  
  46  3:21  Lair  
  46  3:26  Evolution Chamber  
  46  3:29  Drone x2  
  46  3:31  Extractor  
  47  3:39  Extractor  
  47  3:40  Drone x2  
  48  3:43  Extractor  
  48  3:44  Drone x5  
  52  3:49  Overlord  
  52  3:51  Zerg Missile Weapons Level 1  
  52  3:53  Overlord  
  52  4:06  Overlord  
  52  4:13  Roach x2  
  52  4:16  Overlord  
  56  4:18  Glial Reconstitution  
  56  4:20  Roach x5  
  56  4:23  Overlord  
  66  4:28  Overlord  
  66  4:32  Overlord  
  66  4:34  Roach  
  68  4:42  Roach x2  
  72  4:47  Drone  
  72  4:50  Roach x4  
  81  4:56  Roach  
  81  4:57  Roach x2  
  83  5:08  Roach x2  
  87  5:14  Drone  
  87  5:17  Roach  
  87  5:20  Hatchery  
  89  5:21  Roach x2  
  89  5:22  Roach  
  89  5:26  Roach  
  89  5:27  Overlord  
  97  5:31  Roach  
  97  5:33  Roach  
  101  5:36  Roach  
  101  5:40  Ravager x5  
  108  5:45  Overlord  
  108  5:46  Roach  
  110  5:54  Roach x3  
  116  6:02  Overlord  
  116  6:11  Roach x5  
  113  6:17  Roach  
  102  6:19  Zerg Missile Weapons Level 2  
  102  6:24  Roach  
  94  6:27  Drone  
  94  6:31  Drone x3, Queen  
  100  6:33  Drone  
  100  6:34  Ravager  
  100  6:39  Ravager  
  103  6:41  Roach x3  
  103  6:45  Drone  
  103  6:46  Roach  
  112  6:50  Roach x2  
  118  6:54  Roach  
  118  6:55  Roach  
  120  7:02  Roach  
  120  7:06  Roach x2  
  126  7:11  Overseer  
  126  7:13  Overlord  
  126  7:15  Overlord  
  126  7:20  Roach x5  
  135  7:25  Drone  
  136  7:33  Overlord  
  136  7:35  Roach x4  
  144  7:39  Roach  
  144  7:42  Roach  
  144  7:43  Roach x2  
  152  7:48  Ravager  
  152  7:50  Ravager, Overlord x2  
  154  8:03  Roach x4, Overlord  
  162  8:10  Roach x3  
  168  8:14  Roach  
  168  8:17  Ravager x2  
  172  8:20  Roach  
  172  8:23  Roach  
  172  8:25  Roach  
  180  8:27  Roach  
  180  8:34  Roach x2  
  178  8:46  Roach x5  
  155  8:48  Roach x2  
  155  8:54  Roach  
  155  8:55  Roach x2  
  143  8:57  Roach  
Show
View Real Time Build Order
Export as new Build Order

soO Zerg 

Build Orders: Hatch First 

Get SALT Encoding   

  12  0:00  Drone  
  13  0:12  Overlord  
  13  0:16  Drone  
  14  0:30  Drone x2  
  16  0:47  Hatchery  
  15  0:51  Drone  
  15  0:54  Drone  
  17  0:57  Drone  
  18  1:08  Extractor  
  17  1:13  Spawning Pool  
  17  1:16  Drone  
  17  1:19  Drone  
  18  1:28  Drone  
  19  1:39  Drone  
  20  1:49  Overlord  
  20  1:59  Queen x2  
  20  2:00  Zergling x2  
  20  2:01  Drone  
  26  2:07  Metabolic Boost  
  26  2:10  Drone  
  26  2:11  Drone  
  28  2:20  Drone  
  28  2:21  Drone  
  30  2:34  Hatchery  
  30  2:36  Drone  
  30  2:42  Queen  
  32  2:47  Drone  
  32  2:50  Overlord  
  33  2:53  Drone  
  33  2:58  Baneling Nest  
  33  3:01  Zergling x2  
  33  3:05  Drone x2  
  36  3:08  Drone  
  37  3:13  Drone  
  37  3:14  Drone  
  37  3:16  Drone  
  40  3:21  Drone x2  
  40  3:24  Overlord  
  42  3:28  Drone  
  42  3:30  Drone  
  44  3:37  Overlord  
  44  3:40  Evolution Chamber  
  43  3:42  Drone  
  43  3:45  Zergling x2  
  43  3:46  Zergling x2, Drone  
  47  3:48  Drone  
  47  3:55  Drone x2  
  50  3:57  Roach Warren  
  50  3:59  Zergling x2  
  50  4:03  Drone  
  50  4:05  Zerg Missile Weapons Level 1  
  50  4:07  Drone  
  50  4:08  Drone  
  50  4:09  Extractor x2  
  51  4:17  Drone  
  51  4:19  Drone x2  
  51  4:22  Overlord  
  53  4:27  Baneling x2  
  53  4:30  Drone  
  54  4:36  Overlord  
  54  4:37  Roach x5  
  64  4:44  Roach  
  64  4:45  Roach x3  
  72  4:49  Spine Crawler  
  72  4:52  Roach  
  73  4:54  Overlord  
  73  4:56  Roach  
  73  4:57  Roach x2  
  78  5:02  Roach  
  78  5:03  Roach, Overlord  
  81  5:08  Ravager  
  81  5:10  Overlord  
  81  5:11  Overlord  
  81  5:17  Zergling x4, Roach x2  
  87  5:30  Roach  
  87  5:31  Roach x4  
  97  5:41  Drone  
  97  5:42  Drone  
  99  5:44  Lair  
  98  5:51  Roach x3  
  98  5:52  Zergling x10  
  98  5:56  Overlord  
  109  6:03  Overlord  
  104  6:11  Roach  
  104  6:13  Roach  
  104  6:14  Roach x3  
  104  6:15  Roach x2  
  104  6:16  Roach  
  100  6:19  Roach  
  100  6:22  Roach  
  100  6:23  Zergling x2  
  96  6:32  Ravager  
  97  6:33  Zergling x12  
  103  6:40  Drone x3  
  103  6:41  Drone  
  103  6:43  Glial Reconstitution  
  107  6:54  Roach x3  
  113  6:57  Overlord  
  113  7:02  Overlord  
  113  7:07  Overlord  
  113  7:08  Overlord  
  113  7:09  Overseer  
  113  7:22  Roach x5  
  121  7:23  Overlord  
  121  7:26  Overlord  
  121  7:31  Roach x2  
  121  7:34  Roach  
  127  7:42  Roach x4  
  133  7:47  Roach  
  135  7:53  Roach  
  135  7:54  Roach x2  
  141  8:00  Roach x3  
  141  8:05  Overlord x2  
  147  8:07  Roach  
  147  8:10  Overseer, Ravager  
  147  8:14  Drone  
  147  8:15  Drone x3  
  147  8:19  Drone x3  
  154  8:30  Drone  
  154  8:31  Drone  
  154  8:32  Drone x2, Extractor  
  154  8:33  Drone  
  158  8:36  Drone  
  158  8:37  Drone  
  158  8:40  Roach  
  156  8:44  Roach  
  156  8:45  Roach  
  128  8:48  Roach  
  128  8:53  Roach  
  128  8:55  Roach  
  96  8:57  Roach  
Tags
 
Add a new tag
Caveats
  • Supply blocks, unpowered buildings, or Contaminate may cause inaccurate times.
  • Supply counts are checked every 10 seconds.